 Dungeon Crawl Stone Soup version 0.17.2-1-ge4368a0 (webtiles) character file.

526 Goblin1989 the Twirler (level 7, -4/55 HPs)
             Began as a Mummy Gladiator on Aug 19, 2016.
             Slain by an orc warrior
             ... wielding a +0 scimitar
              (15 damage)
             ... on level 4 of the Dungeon.
             The game lasted 00:07:07 (3438 turns).

Goblin1989 the Twirler (Mummy Gladiator)            Turns: 3438, Time: 00:07:08

Health: -4/55      AC: 10    Str: 21    XL:     7   Next: 2%
Magic:  7/7        EV:  8    Int:  7    God:
Gold:   165        SH:  0    Dex: 12    Spells: 0 memorised, 6 levels left

rFire  x . .     SeeInvis .     a - +0 quarterstaff
rCold  + . .     Clarity  .     f - +0 chain mail
rNeg   + + +     SustAt   .     (shield currently unavailable)
rPois  ∞         Gourm    .     c - +0 helmet
rElec  .         Spirit   .     i - +0 cloak
rCorr  .         Warding  .     (no gloves)
rMut   .         Stasis   .     (no boots)
MR     .....                    (no amulet)
Stlth  ..........               (no ring)
                                (no ring)

@: not resistant to hostile enchantments, extremely unstealthy
A: no food or potions, fire vulnerability, cold resistance 1, negative energy
resistance 3, torment resistance, unbreathing
a: no special abilities


You were on level 4 of the Dungeon.
You were not hungry.

You visited 1 branch of the dungeon, and saw 4 of its levels.

You collected 165 gold pieces.

Inventory:

Hand Weapons
 a - a +0 quarterstaff (weapon)
Missiles
 d - 3 throwing nets (quivered)
Armour
 c - a +0 helmet (worn)
 f - a +0 chain mail (worn)
 i - a +0 cloak (worn)
Jewellery
 q - a +3 ring of strength {unknown}
Wands
 m - a wand of lightning (4)
Scrolls
 b - 4 scrolls of remove curse {unknown}
 e - a scroll of amnesia {unknown}
 g - a scroll of enchant weapon {unknown}
 h - a scroll of blinking {unknown}
 j - 3 scrolls of immolation {unknown}
 k - 3 scrolls of fear {unknown}
 l - 3 scrolls of teleportation {unknown}
 n - 4 scrolls of identify {unknown}
 o - a scroll of recharging {unknown}
 p - 2 scrolls of noise {unknown}


   Skills:
 + Level 4.5 Fighting
 * Level 5.7 Staves
 - Level 1.5 Throwing
 - Level 2.4 Dodging


You had 6 spell levels left.
You didn't know any spells.

Dungeon Overview and Level Annotations

Branches:
Dungeon (4/15)
 Temple: D:4-7

Altars:
Fedhas
Makhleb
Trog


Innate Abilities, Weirdness & Mutations

You do not eat or drink.
Your flesh is vulnerable to fire.
You are immune to poison.
Your flesh is cold resistant.
You are immune to negative energy.
You are immune to unholy pain and torment.
You can survive without breathing.


Message History

The bolt of lightning hits the orc warrior.
The orc warrior is severely wounded.
The bolt of lightning hits the orc priest.
You kill the orc priest!
You have reached level 7!
The bolt of lightning misses the orc priest.
Evoking this partially-identified wand wasted a few charges.
The orc warrior closely misses you.
MP restored: 7 Evoke which item? (* to show all) (? for menu, Esc to quit)
Zapping:
m - a wand of lightning {zapped: 2} (will waste charges)
Press: ? - help, Shift-Dir - straight line, f/p - orc warrior
Aim: an orc warrior, wielding a scimitar and wearing a plate armour (severely wounded)
You hear a mighty clap of thunder!
The bolt of lightning hits the orc warrior.
The orc warrior is almost dead.
The bolt of lightning misses the orc priest.
Evoking this partially-identified wand wasted a few charges.
The orc warrior hits you with a scimitar!
You die...

######.##.#. )#.
##...#.#. #.# #........
#.# ##...###. ... ##.##
#. #.# #.# ## #o# #.#
#o# ##'## #@# ##...##
#.## ##.....## #..##
##.......##
#######...####.........#
.............'..........
####......####..........
#.>.#.## ##.......#.
##.#### ##.....##. #.#
##...###.


You could see an orc warrior and an orc priest.

Vanquished Creatures
  2 eyes of draining (D:3)
  The ghost of Goblin1989 the Ducker, an amateur SpGl (D:4)
  An orc priest (D:4)
  2 hounds
  2 worker ants (D:4)
  A hound skeleton (D:4)
  7 adders
  A shadow imp (D:3)
  2 oozes
  2 worms
  A giant gecko (D:1)
  4 orcs
  5 giant cockroaches
  7 goblins
  7 hobgoblins
  8 jackals
  7 kobolds
  A quokka (D:3)
  2 ball pythons
  5 bats
  4 giant newts
  4 rats
76 creatures vanquished.

Notes
Turn   | Place    | Note
--------------------------------------------------------------
     0 | D:1      | Goblin1989 the Mummy Gladiator began the quest for the Orb.
     0 | D:1      | Reached XP level 1. HP: 16/16 MP: 1/1
   316 | D:1      | Reached XP level 2. HP: 22/22 MP: 2/2
   486 | D:1      | Reached skill level 3 in Staves
   959 | D:2      | Reached XP level 3. HP: 28/28 MP: 3/3
  1183 | D:2      | Reached XP level 4. HP: 29/34 MP: 4/4
  1528 | D:2      | You fall through a shaft for 2 floors!
  1539 | D:4      | Reached skill level 4 in Staves
  1601 | D:4      | Reached XP level 5. HP: 4/41 MP: 5/5
  1891 | D:4      | Noticed Goblin1989's ghost (amateur SpGl)
  1919 | D:4      | Killed Goblin1989's ghost
  2694 | D:3      | Reached XP level 6. HP: 46/48 MP: 6/6
  2911 | D:3      | Found a bloodstained altar of Trog.
  2911 | D:3      | Noticed an eye of draining
  2911 | D:3      | Noticed an eye of draining
  2928 | D:3      | Killed an eye of draining
  2928 | D:3      | Reached skill level 5 in Staves
  2939 | D:3      | Killed an eye of draining
  3014 | D:3      | Found a blossoming altar of Fedhas.
  3194 | D:3      | Found a burning altar of Makhleb.
  3421 | D:4      | Noticed an orc warrior
  3437 | D:4      | Reached XP level 7. HP: 10/55 MP: 7/7
  3438 | D:4      | Slain by an orc warrior

Action                   |  1- 3 |  4- 6 |  7- 9 || total
-------------------------+-------+-------+-------++-------
Melee: Quarterstaff      |   115 |   206 |       ||   321
Evoke: Wand              |       |       |     2 ||     2
